 Dungeon Crawl Stone Soup version 0.31-a0-640-g39d97e502b (webtiles) character file.

Game seed: 4942484697172720633

4782 GordonOverkill the Carver (level 9, -4/47 HPs)
             Began as a Vine Stalker Delver on Aug 28, 2023.
             Was an Elder of Ru.
             Slain by a killer bee (5 damage)
             ... on level 9 of the Dungeon.
             The game lasted 00:16:02 (6697 turns).

GordonOverkill the Carver (Vine Stalker Delver)     Turns: 6697, Time: 00:16:03

Health: -4/47      AC: 11    Str: 19 (22) XL:     9   Next: 47%
Magic:  0/14       EV: 11    Int: 14 (16) God:    Ru [****..]
Gold:   507        SH:  0    Dex: 13 (16) Spells: 14/14 levels left

rFire   . . .        v - +8 long sword of Petaong {venom, rC+ rN+ Str+3}
rCold   + . .        (no shield)
rNeg    + . .        C - +2 ring mail
rPois   .            u - +0 helmet
rElec   .            B - +0 cloak
rCorr   .            D - +0 pair of gloves
SInv    .            (no boots)
Will    +....        (no amulet) Stlth
                     w - +6 ring of intelligence
HPRegen 1.07/turn    y - ring of flight
MPRegen 0.14/turn

%: guardian spirit
@: lethally poisoned (-4 -> -8), about to teleport, flying
A: fangs 3, regeneration 1, magic shield, antimagic bite, no potion heal 2, no
stealth, hated by all, inexperienced 1
a: Renounce Religion, Draw Out Power, Power Leap


You were on level 9 of the Dungeon.
You worshipped Ru.
Ru was greatly pleased with you.
You visited 1 branch of the dungeon, and saw 9 of its levels.

You collected 633 gold pieces.
You spent 126 gold pieces at shops.

Inventory:

Hand Weapons
 f - the +1 dagger "Rautuq" {speed, Fragile +Blink Fly rElec}
   (You took it off an orc on level 4 of the Dungeon)

   rElec:     It insulates you from electricity.
   Fly:       It grants you flight.
   +Blink:    It lets you blink.
   Fragile:   It will be destroyed if unequipped.
 h - a +0 flail
 v - the +8 long sword of Petaong (weapon) {venom, rC+ rN+ Str+3}
   (You found it on level 4 of the Dungeon)

   Str+3:     It affects your strength (+3).
   rC+:       It protects you from cold.
   rN+:       It protects you from negative energy.
Missiles
 j - 13 boomerangs
 k - 2 throwing nets
 K - a curare-tipped dart (quivered)
Armour
 u - a +0 helmet (worn)
 B - a +0 cloak (worn)
 C - a +2 ring mail (worn)
 D - a +0 pair of gloves (worn)
 G - a scarf of invisibility
Jewellery
 w - a +6 ring of intelligence (left hand)
 y - a ring of flight (right hand)
 J - the ring "Zubbam" {*Slow +Blink rCorr Str+6 Int+5}
   (You found it on level 8 of the Dungeon)

   [ring of strength]

   Str+6:     It affects your strength (+6).
   Int+5:     It affects your intelligence (+5).
   +Blink:    It lets you blink.
   rCorr:     It protects you from acid and corrosion.
   *Slow:     It may slow you when you take damage.
Wands
 d - a wand of polymorph (18)
 g - a wand of digging (3)
 z - a wand of flame (36)
 L - a wand of roots (3)
Scrolls
 c - 5 scrolls of fog
 l - a scroll of butterflies
 m - 2 scrolls of teleportation
 n - 3 scrolls of blinking {unknown}
 o - 2 scrolls of vulnerability {unknown}
 q - a scroll of poison {unknown}
 r - 2 scrolls of immolation {unknown}
 s - a scroll of noise {unknown}
 A - a scroll of torment {unknown}
 E - a scroll of revelation
 I - a scroll of identify
Potions
 a - 2 potions of magic
 b - 2 potions of brilliance
 e - a potion of degeneration
 i - 4 potions of heal wounds
 p - 2 potions of mutation {unknown}
 t - 3 potions of curing
 x - 2 potions of enlightenment
 F - a potion of ambrosia
 H - a potion of cancellation


   Skills:
 - Level 5.0 Fighting
 - Level 2.0(7.3) Short Blades
 + Level 11.0(11.1) Long Blades
 - Level 1.2(1.7) Axes
 - Level 1.9(2.1) Polearms
 - Level 1.0 Throwing
 - Level 3.0 Armour
 - Level 3.0 Dodging
 - Level 3.0 Spellcasting
 - Level 3.0 Evocations


You had 14 spell levels left.
You didn't know any spells.
Your spell library contained the following spells:

 Spells                   Type           Power      Damage    Failure   Level
 Freeze                   Ice            8%         1d3       34%         1
 Frozen Ramparts          Ice            4%         1d1       71%         3
 Hailstorm                Conj/Ice       2%         3d3       71%         3


Dungeon Overview and Level Annotations

Branches:
Dungeon (9/15)             Temple (0/1) D:6
   Lair: D:8-11         Orc: D:9-12

Altars:
Ashenzari
Ru
Xom

Shops:
D:2 *

Annotations:
D:8 2 transporters


Innate Abilities, Weirdness & Mutations

You have razor-sharp teeth.
Your natural rate of healing is unusually fast.
When hurt, damage is shared between your health and your magic reserves.
Your bite disrupts and absorbs the magic of your enemies.
Potions cannot restore your health.
You cannot be stealthy.
You are hated by all.
You are somewhat inexperienced. (-1 XL)


Message History

The killer bee stings you but does no damage. x2
The killer bee barely misses you. The killer bee stings you.
* * * LOW HITPOINT WARNING * * *
The killer bee misses you.
The killer bee is stunned by your conviction and fails to attack.
The killer bee completely misses you. The killer bee barely misses you.
It was a potion of degeneration.
There was something very wrong with that liquid.
You feel weakened.
You feel dopey.
You feel clumsy.
e - a potion of degeneration;
x - 2 potions of enlightenment The killer bee stings you.
* * * LOW HITPOINT WARNING * * *
You are poisoned.
The killer bee poisons you! The killer bee stings you.
* * * LOW HITPOINT WARNING * * *
The killer bee barely misses you. The killer bee stings you!
* * * LOW HITPOINT WARNING * * *
You focus your inner power and illuminate the killer bee in retribution!
The killer bee stings you but does no damage.
The killer bee is stunned by your conviction and fails to attack.
The killer bee closely misses you.
The killer bee stings you but does no damage.
The killer bee misses you. The killer bee barely misses you.
Your system rejects the healing.
You feel better. The killer bee closely misses you.
The killer bee stings you but does no damage.
The killer bee barely misses you.
The killer bee stings you but does no damage.
The killer bee stings you.
* * * LOW HITPOINT WARNING * * *
The killer bee barely misses you. The killer bee misses you.
The killer bee closely misses you.
The killer bee stings you but does no damage.
As you read the scroll labelled OMIJIAT BETEPH, it crumbles to dust.
You feel strangely unstable.
It was a scroll of teleportation.
The killer bee closely misses you. The killer bee stings you.
* * * LOW HITPOINT WARNING * * *
You are lethally poisoned!
The killer bee poisons you! The killer bee stings you.
You die...

#.....##...##.##...
###...#........ .#
##........... ..#
#.....#...... ....
##....#...... ....#
#..........#
.....###........
#...yy........ .
##..y@y.......
...##..#yy.......
........y........
.....y...........
.................
.................
./.........#.....
....#...........
.............#..


You could see 7 killer bees.

Vanquished Creatures
  A wyvern (D:8)
  6 yaks (D:7)
  The ghost of Seven7 the Trooper, an amateur MiFi (D:4)
  A steam dragon (D:7)
  3 orc warriors
  A sky beast (D:7)
  4 ice beasts
  A centaur (D:7)
  2 ogres
  2 phantoms (D:5)
  5 bullfrogs
  A kobold brigand (D:8)
  3 scorpions
  3 wights (D:8)
  3 killer bees (D:9)
  5 howler monkeys
  5 hounds
  8 orc priests
  A jelly (D:6)
  2 gnoll boudas (D:5)
  Jessica (D:2)
  4 iguanas
  Natasha (thrice) (D:4)
  12 orc wizards
  Robin (D:3)
  8 gnolls
  11 adders
  A shadow imp (D:5)
  2 white imps
  An ufetubus (D:5)
  2 worms
  9 dart slugs
  30 orcs
  6 ball pythons
  A bat (D:3)
  8 endoplasms
  2 giant cockroaches
  5 hobgoblins
  8 kobolds
  5 quokkas
  5 frilled lizards
  9 goblins
  4 rats
196 creatures vanquished.

Vanquished Creatures (others)
  A goblin (D:4)
1 creature vanquished.

Grand Total: 197 creatures vanquished

Notes
Turn   | Place    | Note
-------+----------+-------------------------------------------
     0 | D:5      | GordonOverkill the Vine Stalker Delver began the quest for
                  | the Orb.
     0 | D:5      | Reached XP level 1. HP: 11/11 MP: 2/2
     3 | D:6      | Noticed an ice beast
    13 | D:6      | Found a staircase to the Ecumenical Temple.
    19 | D:6      | Noticed an ogre
    64 | D:5      | Noticed a phantom
    85 | D:4      | Noticed a hound
    89 | D:4      | Noticed a hound
   126 | D:4      | Noticed Robin
   196 | D:3      | Reached XP level 2. HP: 16/16 MP: 3/3
   348 | D:3      | Found a sacrificial altar of Ru.
   355 | D:3      | Became a worshipper of Ru the Awakened
   611 | D:1      | Found a faded altar of an unknown god.
   672 | D:1      | Reached skill level 1 in Short Blades
   697 | D:1      | Reached XP level 3. HP: 20/20 MP: 4/4
  1582 | D:2      | Noticed Jessica
  1586 | D:2      | Killed Jessica
  1587 | D:2      | Reached skill level 1 in Throwing
  1587 | D:2      | Reached skill level 1 in Armour
  1587 | D:2      | Gained mutation: Your natural rate of healing is unusually
                  | fast. [Vine Stalker growth]
  1587 | D:2      | Reached XP level 4. HP: 14/24 MP: 2/5
  2094 | D:2      | Gained mutation: You are hated by all. [Ru sacrifice]
  2094 | D:2      | Reached * piety under Ru
  2191 | D:2      | Found Bucvos's Assorted Antiques.
  2200 | D:2      | Bought a murky red potion for 24 gold pieces
  2200 | D:2      | Bought 2 fuming white potions for 48 gold pieces
  2200 | D:2      | Bought a scroll labelled OZUFED FARHEUD for 27 gold pieces
  2200 | D:2      | Bought a scroll labelled UDIH VITU JIC for 27 gold pieces
  2627 | D:3      | Reached XP level 5. HP: 28/28 MP: 4/6
  2648 | D:3      | Reached skill level 1 in Spellcasting
  2754 | D:3      | Reached skill level 1 in Axes
  3089 | D:3      | Killed Robin
  3140 | D:4      | Identified the +8 long sword of Petaong {venom, rC+ rN+
                  | Str+3}
  3354 | D:4      | Reached XP level 6. HP: 29/32 MP: 7/10
  3422 | D:4      | Noticed Natasha
  3428 | D:4      | Killed Natasha
  3434 | D:4      | Reached skill level 1 in Long Blades
  3434 | D:4      | Noticed Natasha
  3441 | D:4      | Killed Natasha
  3529 | D:4      | Reached XP level 7. HP: 34/37 MP: 10/12
  3627 | D:5      | Reached skill level 2 in Long Blades
  3679 | D:5      | Reached skill level 3 in Long Blades
  3736 | D:5      | Reached skill level 5 in Fighting
  3745 | D:5      | Found a runed translucent gate.
  3745 | D:5      | Noticed Seven7's ghost (amateur MiFi)
  3746 | D:5      | Found a runed translucent gate.
  3748 | D:5      | Found a runed translucent gate.
  3783 | D:5      | Identified the +1 dagger "Rautuq" {speed, Fragile +Blink
                  | Fly rElec}
  3895 | D:5      | Reached skill level 4 in Long Blades
  3895 | D:5      | Gained mutation: You have razor-sharp teeth. [Vine Stalker
                  | growth]
  3895 | D:5      | Reached XP level 8. HP: 43/43 MP: 13/13
  4243 | D:4      | Reached skill level 5 in Long Blades
  4245 | D:4      | Noticed Natasha
  4253 | D:4      | Killed Natasha
  4281 | D:4      | Gained mutation: You cannot be stealthy. [Ru sacrifice]
  4281 | D:4      | Reached ** piety under Ru
  4286 | D:4      | Killed Seven7's ghost
  4381 | D:5      | Reached skill level 6 in Long Blades
  4469 | D:6      | Reached skill level 7 in Long Blades
  4661 | D:6      | Reached XP level 9. HP: 47/47 MP: 12/14
  4748 | D:6      | Reached skill level 1 in Evocations
  5467 | D:7      | Reached skill level 8 in Long Blades
  5595 | D:7      | Reached skill level 9 in Long Blades
  5605 | D:7      | Reached XP level 10. HP: 43/51 MP: 10/15
  5662 | D:7      | Reached skill level 10 in Long Blades
  6191 | D:8      | Noticed a cyclops
  6192 | D:8      | Found a broken altar of Ashenzari.
  6194 | D:8      | Found a shimmering altar of Xom.
  6199 | D:8      | Found a transporter.
  6229 | D:8      | Found a transporter.
  6422 | D:8      | Identified the ring "Zubbam" {*Slow +Blink rCorr Str+6
                  | Int+5}
  6677 | D:9      | Gained mutation: You are somewhat inexperienced. (-1 XL)
                  | [Ru sacrifice]
  6677 | D:9      | Reached XP level 9. HP: 47/47 MP: 14/14
  6677 | D:9      | Reached *** piety under Ru
  6677 | D:9      | Reached **** piety under Ru
  6687 | D:9      | Reached skill level 11 in Long Blades
  6695 | D:9      | HP: 2/47 [killer bee (5)]
  6697 | D:9      | Slain by a killer bee

Illustrated notes

Levels and vault maps discovered:
D:1:      evilmike_arrival_crescent, layout_loops_ring, serial_rivers,
          chequers_serial_rivers_small_b, chequers_serial_rivers_micro_b,
          chequers_serial_rivers_micro_b, chequers_serial_rivers_large_a,
          chequers_serial_rivers_micro_e, chequers_serial_rivers_micro_c,
          dreamdust_ecumenical_altar_hidden_monk_grotto,
          minmay_misc_feat_pillars
D:2:      layout_loops_corners, serial_shops, nicolae_lakefront_shop,
          uniq_jessica
D:3:      kennysheep_slugbush, layout_basic, nicolae_ru_the_path_less_chosen,
          st_stairs_3
D:4:      layout_gridville, uniq_robin, uniq_natasha
D:5:      minmay_diamond_boxcup, layout_cave_pools, biasface_ghost_orc_armoury
D:6:      layout_rooms, temple_pool_b, portal_sewer_entry_d
D:7:      layout_loops_cross
D:8:      layout_basic, gammafunk_temple_overflow_arena
D:9:      layout_cave_pools, nicolae_overflow_hidden_temple

Skill      XL: |  1  2  3  4  5  6  7  8  9 10 |
---------------+-------------------------------+-----
Fighting       | 3 4 5 |  5.0
Dodging        | 2 3 |  3.0
Short Blades   | 1 2 |  2.0
Throwing       | 1 |  1.0
Armour         | 1 2 3 |  3.0
Spellcasting   | 2 3 |  3.0
Axes           | 1 |  1.2
Long Blades    | 1 4 7 11 10 | 11.0
Stealth        | 0 |  0.0
Evocations     | 3 |  3.0
Polearms       | |  1.9

Action                     |  1- 3 |  4- 6 |  7- 9 | 10-12 || total
---------------------------+-------+-------+-------+-------++-------
  Melee: Dagger            |    65 |   115 |       |       ||   180
         Bite              |    14 |    45 |    60 |    23 ||   142
         Spear             |     3 |       |       |       ||     3
         Punch             |       |     3 |     4 |       ||     7
         Long sword        |       |    30 |   214 |    81 ||   325
  Throw: Boomerang         |       |     1 |       |       ||     1
 Invoke: Sacrifice Love    |       |     1 |       |       ||     1
         Sacrifice Stealth |       |       |     1 |       ||     1
         Sacrifice Experie |       |       |     1 |       ||     1
  Evoke: Wand              |       |     1 |       |       ||     1
    Use: Scroll            |     2 |       |     2 |     4 ||     8
         Potion            |       |       |     6 |       ||     6
   Stab: Sleeping          |     3 |       |       |       ||     3
 Armour: Leather armour    |     6 |       |       |       ||     6
         Chain mail        |    17 |    88 |    33 |       ||   138
         Ring mail         |       |       |    72 |    22 ||    94
  Dodge: Dodged            |    16 |    51 |   136 |    36 ||   239

Table legend: (Time is in decaauts)
 A = Elapsed time spent in this place.
 B = Non-inter-level travel time spent in this place.
 C = Inter-level travel time spent in this place.
 D = Time resting spent in this place.
 E = Time spent auto-exploring this place.
 F = Levels seen in this place.
 G = Mean time per level.
                   A        B        C        D        E       F      G
               +--------+--------+--------+--------+--------+-----+--------+
         Total |   6716 |   6360 |    356 |    499 |   4183 |   9 |  746.2 |
       Dungeon |   6716 |   6360 |    356 |    499 |   4183 |   9 |  746.2 |
               +--------+--------+--------+--------+--------+-----+--------+

Top non-repeatable levels by time:
     D:2: 1096 daAuts
     D:3: 1013 daAuts
     D:5: 965 daAuts
     D:1: 948 daAuts
     D:7: 760 daAuts
     D:8: 742 daAuts
     D:6: 565 daAuts
     D:4: 563 daAuts
     D:9: 59 daAuts
